[Event "Titled Tuesday Blitz November 08 Late 2022"]
[White "Kaganskiy, Gleb"]
[Black "Paiva, Henrique M A Albergaria"]
[WhiteFideId "4132025"]
[BlackFideId "1920995"]
[WhiteElo "2165"]
[BlackElo "1953"]
[Result "0-1"]
[Round "05"]
[TimeControl "180+1"]
[Date "2022.11.09"]
[WhiteClock "0:01:01"]
[BlackClock "0:01:23"]

1. e4 c5 2. Nf3 d6 3. Bb5+ Nd7 4. a4 Nf6 5. Nc3 g6 6. e5 dxe5 7. Nxe5 Bg7 8. d4 cxd4 9. Qxd4 O-O 10. O-O a6 11. Bc4 Nxe5 12. Qxe5 Ng4 13. Qg3 Be5 14. Bf4 Qc7 15. Bxe5 Qxe5 16. Qxe5 Nxe5 17. Be2 Be6 18. Rfd1 Rac8 19. f4 Nc4 20. Bxc4 Rxc4 21. g3 Rfc8 22. Rd2 Rb4 23. Nd5 Bxd5 24. Rxd5 Rxc2 0-1


[Site "https://www.chess.com"]

[Event "Titled Tuesday Blitz November 08 Late 2022"]
[White "Kavutskiy, Konstantin"]
[Black "Yuan, Qingyu"]
[WhiteFideId "2026384"]
[BlackFideId "8609772"]
[WhiteElo "2338"]
[BlackElo "2359"]
[Result "1-0"]
[Round "05"]
[TimeControl "180+1"]
[Date "2022.11.09"]
[WhiteClock "0:00:41"]
[BlackClock "0:00:03"]

1. d4 d5 2. c4 e6 3. Nc3 Nf6 4. cxd5 exd5 5. Bg5 c6 6. e3 h6 7. Bh4 Be7 8. Bd3 O-O 9. Nge2 Re8 10. O-O Nbd7 11. a4 a5 12. f3 Nb8 13. Qd2 Na6 14. Rad1 Nb4 15. Bb1 Ne4 16. fxe4 Bxh4 17. exd5 Bg5 18. Nf4 cxd5 19. Qf2 Re7 20. h4 Bxf4 21. Qxf4 Qc7 22. Qxc7 Rxc7 23. e4 Be6 24. e5 Rac8 25. Bf5 Rc4 26. Rf4 Nc6 27. Nb5 Rxa4 28. Nd6 Rc7 29. g3 Rb4 30. Rd2 a4 31. Ne8 Re7 32. Nd6 Rc7 33. Ne8 Re7 34. Nd6 Na5 35. Rdf2 Nc4 36. Bxe6 fxe6 37. Rf8+ Kh7 38. Nf7 Kg6 39. g4 h5 40. Rh8 Nxe5 41. gxh5# 1-0


[Site "https://www.chess.com"]

[Event "Titled Tuesday Blitz November 08 Late 2022"]
[White "Kazakov, Mikhail"]
[Black "Romanchuk, Viktor"]
[WhiteFideId "14102749"]
[BlackFideId "14109271"]
[WhiteElo "2413"]
[BlackElo "2242"]
[Result "0-1"]
[Round "05"]
[TimeControl "180+1"]
[Date "2022.11.09"]
[WhiteClock "0:00:01"]
[BlackClock "0:00:14"]

1. d4 d5 2. c4 c6 3. Nc3 Nf6 4. Nf3 e6 5. Bg5 h6 6. Bxf6 Qxf6 7. e3 Nd7 8. Qc2 g6 9. a3 Bg7 10. Bd3 dxc4 11. Bxc4 O-O 12. O-O Qe7 13. Rad1 b6 14. Ba2 Bb7 15. h4 Rfd8 16. h5 g5 17. Bb1 Nf8 18. b4 a5 19. Qb3 axb4 20. axb4 c5 21. bxc5 bxc5 22. Ne5 cxd4 23. exd4 Rab8 24. Qa4 Qc7 25. Nb5 Qb6 26. Nc3 Ra8 27. Qc2 Rxd4 28. Nd3 Rc8 29. Qd2 Rxd3 30. Qxd3 Rxc3 31. Qd2 Qc6 32. f3 Qc7 33. Rc1 Rxc1 34. Rxc1 Qb6+ 35. Kh1 Bd5 36. Rd1 Bf6 37. Qc2 Kg7 38. Rc1 Qd4 39. Rd1 Qh4+ 40. Kg1 Bd4+ 41. Kf1 Qh1+ 42. Ke2 Qxg2+ 43. Kd3 Qxc2+ 44. Bxc2 Be5 45. Ke3 Bf4+ 46. Kf2 Nd7 47. Ra1 Nf6 48. Ra7 Nxh5 49. Ba4 Kf6 50. Be8 e5 51. Ra6+ Be6 52. Bb5 Ng7 53. Ra8 h5 54. Rh8 h4 55. Rh6+ Ke7 56. Rh7 Nf5 57. Rh8 Kf6 58. Bd3 Nd6 59. Rh6+ Ke7 60. Rh7 Ne8 61. Rh8 Nf6 62. Ra8 Bg3+ 63. Kg2 Nd5 64. Be4 Nf4+ 0-1


[Site "https://www.chess.com"]

[Event "Titled Tuesday Blitz November 08 Late 2022"]
[White "Kobo, Ori"]
[Black "Melkumyan, Hrant"]
[WhiteFideId "2812320"]
[BlackFideId "13302485"]
[WhiteElo "2447"]
[BlackElo "2604"]
[Result "0-1"]
[Round "05"]
[TimeControl "180+1"]
[Date "2022.11.08"]
[WhiteClock "0:00:11"]
[BlackClock "0:01:23"]

1. e4 c5 2. Nc3 Nc6 3. Bb5 g6 4. Bxc6 dxc6 5. d3 Bg7 6. Be3 b6 7. Qd2 e5 8. h3 Qe7 9. O-O-O Be6 10. f4 exf4 11. Bxf4 O-O-O 12. Nf3 h6 13. Kb1 Kb7 14. e5 g5 15. Bh2 f5 16. exf6 Nxf6 17. Rhe1 Rhe8 18. Ne5 Qf8 19. Rf1 Qg8 20. a3 Nd5 21. Ne4 Nf4 22. Bxf4 gxf4 23. Qxf4 Bxe5 24. Qxh6 Qg7 25. Qxg7+ Bxg7 26. Ng5 Bd5 27. c4 Bg8 28. Ne4 Re7 0-1


[Site "https://www.chess.com"]

[Event "Titled Tuesday Blitz November 08 Late 2022"]
[White "Kopacz, Grzegorz"]
[Black "Estrada Nieto, Julian"]
[WhiteFideId "1109880"]
[BlackFideId "5101018"]
[WhiteElo "2037"]
[BlackElo "2221"]
[Result "0-1"]
[Round "05"]
[TimeControl "180+1"]
[Date "2022.11.09"]
[WhiteClock "0:00:16"]
[BlackClock "0:01:08"]

1. d4 d5 2. c4 dxc4 3. Nf3 Nf6 4. e3 e6 5. Bxc4 c5 6. Nc3 a6 7. O-O b5 8. Be2 Bb7 9. Ne5 Nbd7 10. Nxd7 Qxd7 11. dxc5 Bxc5 12. Qxd7+ Nxd7 13. b3 Ke7 14. Bb2 Rhd8 15. Rfd1 f6 16. Rac1 Rac8 17. Bf3 Bxf3 18. gxf3 Ne5 19. Rxd8 Rxd8 20. Nxb5 Nd3 21. Rxc5 Nxc5 22. Nd4 Kd7 23. Ba3 Rc8 24. Kf1 Nd3 25. Ke2 Nc1+ 26. Kd2 Nxa2 27. f4 Nc3 28. Bb2 Ne4+ 29. Ke1 g6 30. Nf3 Rc2 31. Bd4 Rxf2 32. Ng1 Rxh2 33. Nf3 Rc2 34. Ng1 Rc1+ 0-1


[Site "https://www.chess.com"]

[Event "Titled Tuesday Blitz November 08 Late 2022"]
[White "Koutlas, Nikolaos"]
[Black "Kosakowski, Jakub"]
[WhiteFideId "25827138"]
[BlackFideId "1185080"]
[WhiteElo "2167"]
[BlackElo "2463"]
[Result "0-1"]
[Round "05"]
[TimeControl "180+1"]
[Date "2022.11.09"]
[WhiteClock "0:01:18"]
[BlackClock "0:01:36"]

1. c4 e5 2. Nc3 Bb4 3. Nd5 a5 4. g3 d6 5. Bg2 Nd7 6. Nf3 c6 7. Nxb4 axb4 8. O-O Ngf6 9. d4 O-O 10. dxe5 dxe5 11. Be3 Qe7 12. Qc2 Nc5 13. b3 Ng4 14. Bd2 Ne6 15. h3 Nf6 16. Rad1 e4 17. Ng5 Nd4 18. Bxb4 Qe5 19. Rxd4 Qxd4 20. Bxf8 Kxf8 21. Nxe4 Bf5 22. Qc3 Rd8 23. Qxd4 Rxd4 24. Nxf6 gxf6 25. Ra1 Rd2 26. Kf1 Ke7 27. Ke1 Rb2 28. e4 Be6 29. g4 Kd6 30. f4 Rxg2 31. f5 Rg1+ 32. Kf2 Rxa1 0-1


[Site "https://www.chess.com"]

[Event "Titled Tuesday Blitz November 08 Late 2022"]
[White "Kovacevic, Radmila"]
[Black "Adel, Sara"]
[WhiteFideId "933171"]
[BlackFideId "10616764"]
[WhiteElo "2208"]
[BlackElo "1994"]
[Result "1-0"]
[Round "05"]
[TimeControl "180+1"]
[Date "2022.11.09"]
[WhiteClock "0:01:06"]
[BlackClock "0:00:02"]

1. e4 c6 2. d4 d5 3. Nc3 dxe4 4. Nxe4 Bf5 5. Ng3 Bg6 6. h4 h6 7. h5 Bh7 8. c3 Nd7 9. Bd3 Bxd3 10. Qxd3 Ngf6 11. Qe2 e6 12. Nf3 Be7 13. Bd2 a5 14. O-O-O a4 15. a3 Qb6 16. Rde1 Qb3 17. Qd1 Qa2 18. Qc2 Nb6 19. Qb1 Qb3 20. Ne5 Nfd7 21. Nxd7 Kxd7 22. Ne4 Nc4 23. Nc5+ Bxc5 24. dxc5 Rhd8 25. Rd1 Ke8 26. Bf4 Nxa3 27. Qh7 Rxd1+ 28. Rxd1 Ke7 29. Bd6+ Kf6 30. Qd3 g6 31. Qd4+ Kf5 32. Qf4# 1-0


[Site "https://www.chess.com"]

[Event "Titled Tuesday Blitz November 08 Late 2022"]
[White "Kozak, Adam"]
[Black "Ambartsumova, Karina"]
[WhiteFideId "753246"]
[BlackFideId "4166299"]
[WhiteElo "2459"]
[BlackElo "2319"]
[Result "1-0"]
[Round "05"]
[TimeControl "180+1"]
[Date "2022.11.09"]
[WhiteClock "0:00:34"]
[BlackClock "0:00:01"]

1. e4 e5 2. Nf3 Nc6 3. Bc4 Nf6 4. d3 h6 5. Nc3 d6 6. d4 Be7 7. dxe5 dxe5 8. Qxd8+ Bxd8 9. Bb5 Bd7 10. O-O O-O 11. Rd1 Bg4 12. Bxc6 bxc6 13. Rd3 Bxf3 14. Rxf3 Be7 15. Rd3 Rfd8 16. Be3 a6 17. f3 Rxd3 18. cxd3 Rd8 19. Rd1 Nd7 20. d4 exd4 21. Bxd4 Nb6 22. b3 Kf8 23. Kf1 c5 24. Be3 Rxd1+ 25. Nxd1 Ke8 26. Nb2 f6 27. Nd3 Nd7 28. Ke2 Kf7 29. g4 Ke6 30. h4 Kd6 31. h5 Kc6 32. Nb2 Ne5 33. Bf4 Nf7 34. Nc4 Bd6 35. Bd2 Be5 36. Kd3 Bd4 37. Bf4 Nd6 38. Bxd6 cxd6 39. Nd2 d5 40. a4 Be5 41. Nb1 Bf4 42. Nc3 dxe4+ 43. Kxe4 Be5 44. Nd5 c4 45. bxc4 Kc5 46. Kd3 Bd6 47. Kc3 Be5+ 48. Kb3 Bd6 49. Ne3 Bf8 50. Nf5 a5 51. Kc3 Kc6 52. Kd3 Kd7 53. c5 Bxc5 54. Nxg7 Bf8 55. Nf5 Ke6 56. Ke4 Kd7 57. Kd5 Kc7 58. Ke6 Kc6 59. Kxf6 Kc5 60. Kf7 1-0


[Site "https://www.chess.com"]

[Event "Titled Tuesday Blitz November 08 Late 2022"]
[White "Kravtsiv, Martyn"]
[Black "Korkmaz, Necmettin"]
[WhiteFideId "14113147"]
[BlackFideId "6303285"]
[WhiteElo "2694"]
[BlackElo "2094"]
[Result "0-1"]
[Round "05"]
[TimeControl "180+1"]
[Date "2022.11.09"]
[WhiteClock "0:00:01"]
[BlackClock "0:00:08"]

1. e4 e5 2. Nf3 Nc6 3. Nc3 Nf6 4. a4 Bb4 5. Bd3 O-O 6. O-O d5 7. Nxd5 Nxd5 8. exd5 Qxd5 9. Qe2 Nd4 10. Qe4 Nxf3+ 11. gxf3 Qxe4 12. fxe4 Bh3 13. Rd1 f5 14. exf5 Bxf5 15. Bxf5 Rxf5 16. d3 Bc5 17. Be3 Bxe3 18. fxe3 Raf8 19. Rd2 Rf3 20. Re1 R8f6 21. a5 Kf7 22. Rg2 g6 23. Rg3 Rf2 24. Rg2 R2f3 25. b4 h6 26. Rg3 Rf2 27. Rg2 R2f3 28. h4 Rh3 29. d4 Rxh4 30. dxe5 Re6 31. Rf2+ Ke7 32. Rf4 Rh5 33. Ref1 Rg5+ 34. Kh2 Rgxe5 35. Rf7+ Ke8 36. Rxc7 Rxe3 37. Rxb7 Re2+ 38. Kg3 h5 39. Rxa7 g5 40. Rf3 R6e4 41. Rc3 h4+ 42. Kh3 R2e3+ 43. Rxe3 Rxe3+ 44. Kg4 Rg3+ 45. Kf5 h3 46. Rh7 g4 47. a6 Ra3 48. a7 Rxa7 49. Rh8+ Kd7 50. Kxg4 Kc6 51. Rxh3 Kb5 52. c3 Rf7 53. Rf3 Re7 54. Rf5+ Kc4 55. Rc5+ Kb3 56. Kf5 Ka4 57. Kf6 Re1 58. b5 Ka5 59. c4 Kb6 60. Rc6+ Kb7 61. Kf5 Re2 62. Re6 Rc2 63. Re4 Kb6 64. Re6+ Kb7 65. Rc6 Re2 66. Kf4 Re1 67. Kf3 Re8 68. c5 Re1 69. Rh6 Re7 70. Kf4 Ka7 71. Rh5 Kb7 0-1


[Site "https://www.chess.com"]

[Event "Titled Tuesday Blitz November 08 Late 2022"]
[White "Kumala, Aleksander"]
[Black "Alexikov, Alexander"]
[WhiteFideId "1141880"]
[BlackFideId "14103958"]
[WhiteElo "2269"]
[BlackElo "2222"]
[Result "1-0"]
[Round "05"]
[TimeControl "180+1"]
[Date "2022.11.09"]
[WhiteClock "0:01:28"]
[BlackClock "0:00:02"]

1. d4 Nf6 2. Bg5 e6 3. Nd2 h6 4. Bh4 d6 5. e3 Be7 6. Bd3 b6 7. Qf3 c6 8. c3 Qc7 9. Ne2 Bb7 10. O-O Nbd7 11. a4 c5 12. e4 g5 13. Bg3 h5 14. h4 g4 15. Qe3 e5 16. a5 Bf8 17. a6 Bc8 18. f4 gxf3 19. Qxf3 Bh6 20. dxe5 dxe5 21. Nc4 Bg7 22. Ne3 Rf8 23. Bb5 Bh6 24. Nf5 Bf4 25. Nxf4 exf4 26. Bxf4 Qd8 27. Nd6+ 1-0


[Site "https://www.chess.com"]

[Event "Titled Tuesday Blitz November 08 Late 2022"]
[White "Leiva, Gianmarco"]
[Black "Kollars, Dmitrij"]
[WhiteFideId "3804399"]
[BlackFideId "12909572"]
[WhiteElo "2286"]
[BlackElo "2584"]
[Result "0-1"]
[Round "05"]
[TimeControl "180+1"]
[Date "2022.11.08"]
[WhiteClock "0:00:02"]
[BlackClock "0:00:09"]

1. b3 e5 2. Bb2 Nc6 3. g3 d5 4. Bg2 f5 5. e3 Nf6 6. a3 Bd6 7. b4 O-O 8. Nf3 e4 9. Nd4 Nxd4 10. Bxd4 Qe8 11. d3 a5 12. Nc3 axb4 13. axb4 Rxa1 14. Qxa1 Bxb4 15. O-O c6 16. Rb1 Bd6 17. Qa7 Be5 18. Na4 Bxd4 19. Qxd4 Qe7 20. c4 dxc4 21. Qxc4+ Be6 22. Qc2 Bd5 23. d4 b5 24. Nb6 Qd6 25. Nxd5 Qxd5 26. Bf1 g6 27. Rc1 Rc8 28. Qb2 Qd7 29. Be2 Nd5 30. Rc5 Kg7 31. Qb3 Rb8 32. Qa2 Rb7 33. Bd1 Ra7 34. Qb2 Kh6 35. Bb3 Nb4 36. Qc3 Nd3 37. Rxc6 b4 38. Qc4 Ra1+ 39. Kg2 Ne1+ 40. Kf1 Nf3+ 41. Kg2 Rg1+ 42. Kh3 f4+ 43. Qe6 Ng5+ 44. Kh4 Nxe6 45. Bxe6 Qe7+ 46. Kh3 fxe3 47. fxe3 Qf6 48. Bd5 Qf1+ 49. Kg4 Qf3+ 50. Kh4 Qh5# 0-1


[Site "https://www.chess.com"]

[Event "Titled Tuesday Blitz November 08 Late 2022"]
[White "Lewtak, Damian"]
[Black "Sivakumar, Shaaketh"]
[WhiteFideId "1141724"]
[BlackFideId "30940176"]
[WhiteElo "2329"]
[BlackElo "2174"]
[Result "0-1"]
[Round "05"]
[TimeControl "180+1"]
[Date "2022.11.09"]
[WhiteClock "0:00:08"]
[BlackClock "0:00:48"]

1. d4 e6 2. c4 b6 3. Nf3 Bb7 4. g3 f5 5. Bg2 Bb4+ 6. Nbd2 Nf6 7. a3 Bxd2+ 8. Qxd2 O-O 9. O-O d6 10. b4 Qe7 11. Bb2 Nbd7 12. Qc2 Be4 13. Qb3 c5 14. Rad1 Rac8 15. dxc5 bxc5 16. b5 Kh8 17. a4 d5 18. a5 d4 19. e3 e5 20. Ba3 Bxf3 21. Bxf3 e4 22. Bg2 d3 23. f3 Rfd8 24. fxe4 fxe4 25. Bb2 Ne5 26. h3 Qe6 27. Rf4 Rd7 28. Bxe4 Qxh3 29. Bxe5 Qxg3+ 30. Kf1 Nxe4 31. Qb2 Qxe3 32. Rf5 Re8 33. Qg2 Qe2+ 34. Qxe2 dxe2+ 35. Kxe2 Nc3+ 36. Kf3 Nxd1 37. b6 axb6 38. axb6 Kg8 39. Bc7 Rf7 40. Rxf7 Kxf7 41. b7 Nb2 42. b8=Q Rxb8 43. Bxb8 Nxc4 44. Ba7 Ne5+ 45. Ke4 Nd7 46. Kd5 g5 47. Kd6 Ke8 48. Kd5 Ke7 49. Ke4 Ke6 0-1


[Site "https://www.chess.com"]

[Event "Titled Tuesday Blitz November 08 Late 2022"]
[White "Lopez Perdomo, Juan David"]
[Black "Ansh M Shah"]
[WhiteFideId "4405137"]
[BlackFideId "25033379"]
[WhiteElo "1965"]
[BlackElo "2084"]
[Result "0-1"]
[Round "05"]
[TimeControl "180+1"]
[Date "2022.11.09"]
[WhiteClock "0:00:27"]
[BlackClock "0:00:39"]

1. e4 c6 2. d4 d5 3. Nc3 dxe4 4. Nxe4 Nf6 5. Nxf6+ exf6 6. Be3 Bd6 7. Qd2 O-O 8. O-O-O Bf5 9. Kb1 Nd7 10. Bd3 Bxd3 11. Qxd3 b5 12. Ne2 Nb6 13. Bf4 Nd5 14. Bxd6 Qxd6 15. Nc3 Rfe8 16. Qg3 Qxg3 17. hxg3 Nxc3+ 18. bxc3 Re2 19. Rhf1 g6 20. Kc1 f5 21. Rd2 Rae8 22. Rxe2 Rxe2 23. Kd1 Re6 24. Kd2 Kf8 25. a4 a6 26. a5 Ke7 27. f3 Kd6 28. g4 fxg4 29. fxg4 f6 30. Rh1 Re7 31. Rf1 Ke6 32. Rh1 f5 33. gxf5+ Kxf5 34. Rf1+ Kg5 35. Rf3 h5 36. Rd3 Kg4 37. d5 cxd5 38. Rxd5 Re6 39. c4 bxc4 40. Kc3 Rc6 41. Kd4 h4 42. Ke3 g5 43. Kf2 Rf6+ 44. Kg1 Rc6 45. Kh2 Kf4 46. Kh3 c3 47. Rd4+ Ke3 48. Rg4 Rc5 49. Ra4 Kd2 50. Ra2 Rc4 51. g3 g4+ 52. Kxh4 Rb4 53. Kg5 Kc1 54. Kf5 Kb1 55. Ra3 Kb2 56. Rb3+ Rxb3 57. cxb3 Kxb3 58. Kxg4 c2 59. Kg5 c1=Q+ 60. Kf6 Qc3+ 0-1


[Site "https://www.chess.com"]

[Event "Titled Tuesday Blitz November 08 Late 2022"]
[White "Makaraci, Tunahan"]
[Black "Thomforde-Toates, Noah"]
[WhiteFideId "6356559"]
[BlackFideId "30951992"]
[WhiteElo "2161"]
[BlackElo "2619"]
[Result "1-0"]
[Round "05"]
[TimeControl "180+1"]
[Date "2022.11.09"]
[WhiteClock "0:00:51"]
[BlackClock "0:00:31"]

1. e4 c5 2. c3 d5 3. exd5 Qxd5 4. d4 Nc6 5. Nf3 Bg4 6. dxc5 Qxc5 7. Be3 Qh5 8. Be2 Nf6 9. h3 Bxf3 10. Bxf3 Qb5 11. Qb3 Qxb3 12. axb3 e6 13. Bxc6+ bxc6 14. Rxa7 Rxa7 15. Bxa7 c5 16. Nd2 Kd7 17. Ke2 Bd6 18. Ra1 Ra8 19. Nc4 Bc7 20. Ra3 Nd5 21. Bxc5 Rb8 22. b4 Nf4+ 23. Kf3 Nd3 24. Be3 Ne1+ 25. Ke2 Nxg2 26. Ra7 Kc6 27. Na5+ Kd7 28. Nb3 f5 29. Nc5+ Kd6 30. Nxe6 Kxe6 31. Rxc7 Rg8 32. b5 Nh4 33. b6 Ng6 34. b7 Rb8 35. Ba7 Nf4+ 36. Kf3 Rxb7 37. Rxb7 Nxh3 38. Be3 Kf6 39. Rd7 g5 40. b4 h5 41. b5 h4 42. b6 g4+ 43. Kg2 f4 44. b7 fxe3 45. fxe3 Ng5 46. b8=Q h3+ 47. Kf1 Ne6 48. Rd6 Kf5 49. Rxe6 Kxe6 50. Qf4 h2 51. Qxh2 g3 52. Qxg3 1-0


[Site "https://www.chess.com"]

[Event "Titled Tuesday Blitz November 08 Late 2022"]
[White "Mardov, Dimitar"]
[Black "Coleman, Maxx"]
[WhiteFideId "30919495"]
[BlackFideId "2027119"]
[WhiteElo "2332"]
[BlackElo "2278"]
[Result "1-0"]
[Round "05"]
[TimeControl "180+1"]
[Date "2022.11.09"]
[WhiteClock "0:00:30"]
[BlackClock "0:00:20"]

1. e4 c5 2. Nf3 e6 3. d4 cxd4 4. Nxd4 a6 5. Nc3 Qc7 6. Bd3 Nf6 7. O-O h5 8. h3 Nc6 9. Nb3 b5 10. f4 d6 11. Be3 Bb7 12. Qe2 Be7 13. a3 Rc8 14. Rae1 h4 15. f5 e5 16. Bg5 Na5 17. Nxa5 Qxa5 18. Kh2 Kf8 19. Qe3 Rh5 20. Be2 Ng4+ 21. Bxg4 Rxg5 22. f6 Bxf6 23. Bxc8 Bxc8 24. Nd5 Bd8 25. b4 Qa4 26. Qc3 Bb7 27. Rd1 Rg3 28. Rf3 Rxf3 29. gxf3 a5 30. Qb3 Qxb3 31. cxb3 axb4 32. Nxb4 Ke7 33. Nd5+ Ke6 34. Ne3 g6 35. a4 Bb6 36. Nd5 Bd8 37. axb5 f5 38. Kg2 Bc8 39. Rc1 Bd7 40. b6 1-0


[Site "https://www.chess.com"]

[Event "Titled Tuesday Blitz November 08 Late 2022"]
[White "Martic, Ivan"]
[Black "Dzierzak, Radoslaw"]
[WhiteFideId "929301"]
[BlackFideId "1161407"]
[WhiteElo "2355"]
[BlackElo "2111"]
[Result "1-0"]
[Round "05"]
[TimeControl "180+1"]
[Date "2022.11.09"]
[WhiteClock "0:00:46"]
[BlackClock "0:00:02"]

1. Nf3 Nf6 2. g3 d5 3. Bg2 e6 4. O-O c5 5. d3 Nc6 6. Nbd2 Be7 7. e4 Qc7 8. Re1 dxe4 9. dxe4 e5 10. c3 Be6 11. a4 O-O 12. Ng5 Bd7 13. Nc4 h6 14. Nf3 Be6 15. Bf1 Rfd8 16. Qc2 a6 17. Ne3 Bf8 18. Bc4 Bxc4 19. Nxc4 Re8 20. a5 Rad8 21. Nfd2 Re7 22. Kg2 Red7 23. Nf1 Ne8 24. Nfe3 Nd6 25. Nd5 Qb8 26. Ncb6 Ne7 27. Nxd7 Rxd7 28. Nxe7+ Bxe7 29. Rd1 Qd8 30. c4 Ne8 31. Rxd7 Qxd7 32. Be3 Nc7 33. Rd1 Qc6 34. f3 Ne6 35. Rd5 f6 36. b3 Nd4 37. Bxd4 cxd4 38. Qa2 Kf7 39. Qa4 Qxa4 40. bxa4 Ke6 41. f4 Bb4 42. fxe5 fxe5 43. Kf3 h5 44. h3 g6 45. g4 Be1 46. gxh5 gxh5 47. Ke2 Bb4 48. Kd3 Be7 49. c5 Bf8 50. Kc4 Be7 51. Kb4 Bf8 52. Rd8 Be7 53. Rb8 d3 54. Kc3 Bxc5 55. Rxb7 d2 56. Kxd2 1-0


[Site "https://www.chess.com"]

[Event "Titled Tuesday Blitz November 08 Late 2022"]
[White "Martinez Reyes, Pedro Ramon"]
[Black "Aung Thant Zin"]
[WhiteFideId "3901807"]
[BlackFideId "13000063"]
[WhiteElo "2354"]
[BlackElo "2278"]
[Result "1-0"]
[Round "05"]
[TimeControl "180+1"]
[Date "2022.11.09"]
[WhiteClock "0:01:40"]
[BlackClock "0:00:10"]

1. Nf3 d5 2. g3 e6 3. Bg2 Nf6 4. O-O Be7 5. d4 O-O 6. c4 b6 7. cxd5 exd5 8. Nc3 Bb7 9. Ne5 Nbd7 10. Bf4 Ne4 11. Qb3 Nxe5 12. Nxe4 Nc4 13. Nd2 g5 14. Be3 Nxe3 15. Qxe3 Bf6 16. Nf3 Re8 17. Qd2 g4 18. Ne1 Qe7 19. e3 c5 20. dxc5 bxc5 21. Nd3 d4 22. Bxb7 Qxb7 23. Nxc5 Qd5 24. exd4 Bxd4 25. Nb3 Rad8 26. Rad1 Re4 27. Rfe1 Rxe1+ 28. Rxe1 Bf6 29. Re8+ Kg7 30. Rxd8 Qxd8 31. Qxd8 Bxd8 32. Nd2 f5 33. f3 h5 34. Kg2 Kf6 35. f4 Ke6 36. Kf2 Bb6+ 37. Ke2 Kd5 38. Kd3 Bg1 39. Nf1 a6 40. Ne3+ Ke6 41. Nf1 Kd5 42. b4 Kd6 43. Kc4 Kc6 44. a4 Kd6 45. Kd3 Kd5 46. Ne3+ Ke6 47. Nf1 Kd5 48. Kc3 Kc6 49. Kc4 Kb6 50. Kd5 a5 51. bxa5+ Kxa5 52. Ke6 Kxa4 53. Kxf5 Kb3 54. Kg6 Ka4 55. Kxh5 1-0


[Site "https://www.chess.com"]

[Event "Titled Tuesday Blitz November 08 Late 2022"]
[White "Martinez, Shawn"]
[Black "chess50years"]
[WhiteFideId "2039770"]
[WhiteElo "2174"]
[BlackElo "2111"]
[Result "0-1"]
[Round "05"]
[TimeControl "180+1"]
[Date "2022.11.09"]
[WhiteClock "0:00:16"]
[BlackClock "0:00:45"]

1. e4 c5 2. Nc3 Nc6 3. Bb5 g6 4. Bxc6 bxc6 5. f4 d6 6. d3 Bg7 7. Nf3 Nf6 8. O-O O-O 9. Bd2 Bg4 10. Qe1 Bxf3 11. Rxf3 Rb8 12. Rb1 Nd7 13. b3 e6 14. g4 Qe7 15. Qg3 Rbe8 16. Rbf1 f5 17. h4 Bf6 18. g5 Bd4+ 19. Kg2 e5 20. h5 exf4 21. Bxf4 Ne5 22. Ne2 Nxf3 23. Bxd6 Qe6 24. Bxf8 Rxf8 25. Rxf3 fxe4 26. Rxf8+ Kxf8 27. hxg6 hxg6 28. Nxd4 cxd4 29. dxe4 Qxe4+ 30. Qf3+ Qxf3+ 31. Kxf3 Ke7 32. Ke4 c5 33. b4 Kd6 34. bxc5+ Kxc5 35. Kd3 Kd5 36. a3 a6 37. a4 a5 38. c4+ dxc3 39. Kxc3 Kc5 40. Kb3 Kd4 41. Kb2 Kc4 42. Ka3 Kc3 43. Ka2 Kb4 44. Kb2 Kxa4 45. Ka2 Kb4 46. Kb2 Kc4 47. Ka3 Kd4 48. Ka4 Ke5 49. Kxa5 Kf5 50. Kb4 Kxg5 51. Kc3 Kf4 52. Kd2 Kf3 53. Ke1 g5 54. Kf1 g4 55. Kg1 Kg3 56. Kh1 Kf2 57. Kh2 g3+ 58. Kh1 g2+ 59. Kh2 g1=Q+ 60. Kh3 Qg5 61. Kh2 Qg2# 0-1


[Site "https://www.chess.com"]

[Event "Titled Tuesday Blitz November 08 Late 2022"]
[White "Mazurkiewicz, Michal"]
[Black "Guzman, Christopher"]
[WhiteFideId "1124943"]
[BlackFideId "6405096"]
[WhiteElo "2063"]
[BlackElo "2272"]
[Result "1-0"]
[Round "05"]
[TimeControl "180+1"]
[Date "2022.11.09"]
[WhiteClock "0:00:04"]
[BlackClock "0:01:26"]

1. e4 c6 2. d3 d5 3. Nd2 g6 4. Ngf3 Bg7 5. g3 Bg4 6. h3 Bxf3 7. Qxf3 dxe4 8. dxe4 Nf6 9. Bg2 O-O 10. O-O Nbd7 11. Qe2 e5 12. Nc4 Qc7 13. b3 Rfd8 14. Ba3 Nb6 15. Rad1 Nxc4 16. Qxc4 h6 17. h4 b6 18. Bb2 h5 19. a4 Ng4 20. Bh3 Nf6 21. Qc3 Ne8 22. a5 Rd6 23. Rxd6 Qxd6 24. Qf3 Rd8 25. axb6 axb6 26. Qe3 c5 27. Ra1 Nc7 28. Ra7 Nb5 29. Rb7 Qc6 30. Re7 Kf8 31. Rxe5 Bxe5 32. Bxe5 Re8 33. Qh6+ Ke7 34. Qg7 Nd6 35. Bf6# 1-0


[Site "https://www.chess.com"]

[Event "Titled Tuesday Blitz November 08 Late 2022"]
[White "Mendonca, Mateus Nakajo"]
[Black "Viana Da Costa, Fernando"]
[WhiteFideId "2110954"]
[BlackFideId "2111900"]
[WhiteElo "2310"]
[BlackElo "2259"]
[Result "1-0"]
[Round "05"]
[TimeControl "180+1"]
[Date "2022.11.09"]
[WhiteClock "0:00:50"]
[BlackClock "0:00:38"]

1. Nf3 Nf6 2. c4 e6 3. g3 d5 4. Bg2 Be7 5. O-O O-O 6. d4 c6 7. Qc2 b6 8. Nbd2 Nbd7 9. Re1 Bb7 10. e4 Rc8 11. e5 Ne8 12. cxd5 cxd5 13. Qd3 Nc7 14. Nf1 Ba6 15. Qd1 Nb8 16. h4 Nc6 17. Bg5 h6 18. Bxe7 Qxe7 19. Ne3 b5 20. Bf1 b4 21. Bxa6 Nxa6 22. Qa4 Qb7 23. Rac1 Qb6 24. h5 Nc7 25. Rxc6 1-0


[Site "https://www.chess.com"]

[Event "Titled Tuesday Blitz November 08 Late 2022"]
[White "Mesa Cruz, Juan Carlos"]
[Black "Suarez Uriel, Adrian"]
[WhiteFideId "6423400"]
[BlackFideId "22230874"]
[WhiteElo "2059"]
[BlackElo "2331"]
[Result "0-1"]
[Round "05"]
[TimeControl "180+1"]
[Date "2022.11.09"]
[WhiteClock "0:00:02"]
[BlackClock "0:00:24"]

1. e4 c5 2. Nf3 d6 3. d4 cxd4 4. Nxd4 Nf6 5. Nc3 a6 6. Bg5 e6 7. f4 Be7 8. Qf3 Qc7 9. O-O-O Nbd7 10. g4 h6 11. Bh4 b5 12. f5 Ne5 13. Qg3 b4 14. Bxf6 Bxf6 15. Nce2 Bd7 16. Nf4 Rc8 17. fxe6 fxe6 18. Bxa6 Ra8 19. Bb5 Rxa2 20. Nfxe6 Qa5 21. Bxd7+ Kxd7 22. Nb3 Qb6 23. g5 hxg5 24. Kb1 Qa7 25. Ned4 Ra8 26. c3 Nc4 27. Qg4+ Kd8 28. Nc6+ Kc7 29. Nxa7 Rxb2+ 30. Kc1 Rxa7 31. Qe6 bxc3 32. Qxc4+ Kd7 33. Rd3 Ra3 34. Qb5+ Ke7 35. Qb7+ Kf8 36. Qb8+ Kf7 37. Qc7+ Kg6 38. Nc5 Ra1# 0-1


[Site "https://www.chess.com"]

[Event "Titled Tuesday Blitz November 08 Late 2022"]
[White "Mikhailov, Viacheslav"]
[Black "Derige Kane, Yan"]
[WhiteFideId "4187369"]
[BlackFideId "20665431"]
[WhiteElo "2381"]
[BlackElo "2148"]
[Result "1-0"]
[Round "05"]
[TimeControl "180+1"]
[Date "2022.11.09"]
[WhiteClock "0:00:06"]
[BlackClock "0:00:06"]

1. c4 e5 2. g3 Nf6 3. Bg2 d5 4. cxd5 Nxd5 5. Nc3 Nb6 6. Nf3 Nc6 7. O-O Be7 8. d3 O-O 9. a4 a5 10. Be3 Be6 11. Rc1 f6 12. Ne4 Nd5 13. Bc5 Ncb4 14. Bxe7 Qxe7 15. Nc5 b6 16. Nxe6 Qxe6 17. e4 Ne7 18. Rxc7 Nec6 19. Nh4 Rad8 20. Nf5 Rf7 21. Qg4 Kh8 22. Rxf7 Qxf7 23. Rc1 Qd7 24. Bh3 g6 25. Ne3 Qxg4 26. Bxg4 Rxd3 27. Be2 Rd2 28. Bb5 Nd4 29. Rc8+ Kg7 30. Rc7+ Kh6 31. h4 f5 32. exf5 gxf5 33. Rb7 f4 34. Rxb6+ Kh5 35. Be8# 1-0


[Site "https://www.chess.com"]